Map: Терраформ РВ (LotV)

Players

NextRim - Winner!

  • Race: Protoss Protoss
  • League: Gold

Siegemake

  • Race: Terran Terran
  • League: Gold

VOD

Have the link to the VOD?

Description

Time

  • Played on: Oct. 26, 2015, 12:07 p.m.
  • Length: 11:03
Show
View Real Time Build Order
Export as new Build Order

NextRim Protoss - Winner!

Build Orders: Dark Templar Rush 

Get SALT Encoding   

  12  0:06  Probe (Chrono Boost)  
  13  0:16  Probe (Chrono Boost)  
  13  0:18  Pylon  
  14  0:27  Probe (Chrono Boost)  
  15  0:36  Gateway  
  15  0:38  Probe (Chrono Boost)  
  16  0:45  Assimilator  
  16  0:49  Probe (Chrono Boost)  
  17  0:56  Assimilator  
  17  0:59  Probe (Chrono Boost)  
  18  1:10  Probe (Chrono Boost)  
  19  1:20  Probe (Chrono Boost)  
  19  1:24  Cybernetics Core  
  20  1:28  Pylon  
  20  1:31  Probe (Chrono Boost)  
  21  1:41  Probe (Chrono Boost)  
  22  1:48  Gateway  
  22  1:58  Probe (Chrono Boost)  
  23  2:01  Warp Gate  
  23  2:02  Stalker  
  25  2:11  Probe (Chrono Boost)  
  25  2:28  Probe (Chrono Boost)  
  26  2:30  Nexus  
  26  2:36  Stalker  
  28  2:41  Stalker  
  30  2:54  Pylon  
  30  3:05  Twilight Council  
  30  3:11  Pylon  
  30  3:12  Mothership Core (Chrono Boost)  
  32  3:31  Probe (Chrono Boost), Pylon  
  33  3:38  Pylon  
  34  3:41  Probe (Chrono Boost)  
  34  3:50  Probe (Chrono Boost)  
  34  3:52  Probe (Chrono Boost)  
  36  3:58  Dark Shrine  
  36  4:01  Probe (Chrono Boost)  
  36  4:02  Probe (Chrono Boost)  
  38  4:11  Probe (Chrono Boost)  
  38  4:14  Probe (Chrono Boost)  
  40  4:20  Templar Archives  
  40  4:22  Probe (Chrono Boost)  
  40  4:23  Forge  
  41  4:24  Probe (Chrono Boost)  
  42  4:33  Probe (Chrono Boost)  
  42  4:34  Pylon  
  42  4:35  Probe (Chrono Boost)  
  42  4:38  Gateway  
  44  4:47  Gateway, Pylon  
  44  4:50  Gateway  
  44  4:54  Probe x2 (Chrono Boost)  
  44  4:58  Protoss Ground Armor Level 1 (Chrono Boost)  
  46  5:06  Probe  
  46  5:08  Probe  
  46  5:11  Dark Templar  
  50  5:15  Dark Templar  
  50  5:17  Probe  
  50  5:20  Probe  
  54  5:24  Pylon  
  54  5:27  Assimilator  
  54  5:28  Probe  
  54  5:29  Assimilator  
  54  5:32  Probe  
  56  5:54  Dark Templar  
  56  5:55  Dark Templar  
  56  5:58  Gateway  
  56  5:59  Gateway  
  56  6:02  Probe, Pylon  
  56  6:04  Probe, Pylon  
  58  6:06  Gateway  
  58  6:10  Psionic Storm  
  58  6:16  Probe  
  59  6:25  Protoss Ground Weapons Level 1  
  59  6:27  Nexus  
  59  6:32  High Templar  
  59  6:40  Pylon  
  59  6:44  Probe x2, Pylon  
  61  6:50  Photon Cannon  
  61  6:52  Photon Cannon  
  61  6:56  Probe, High Templar  
  64  7:01  Pylon  
  64  7:02  Probe  
  65  7:08  Probe  
  65  7:14  Probe, High Templar  
  69  7:18  Zealot  
  69  7:19  Zealot x2  
  69  7:20  Probe  
  76  7:25  Charge (Chrono Boost)  
  76  7:26  Probe  
  77  7:33  Probe  
  76  7:37  Zealot x3  
  76  7:39  Probe, Zealot  
  85  7:44  Zealot  
  85  7:45  Probe  
  85  7:46  Zealot  
  85  7:49  Zealot  
  92  7:58  High Templar  
  84  8:07  Dark Templar x2  
  84  8:08  Zealot x4  
  74  8:30  High Templar x2  
  72  8:34  Probe  
  72  8:35  Probe x2, Assimilator  
  72  8:36  Zealot  
  72  8:37  Zealot x2, Assimilator  
  72  8:39  Pylon  
  81  8:41  Pylon  
  81  8:43  Pylon  
  81  8:47  Probe x2  
  83  8:48  Probe  
  83  8:49  High Templar  
  83  8:54  Protoss Ground Armor Level 2 (Chrono Boost)  
  86  8:59  Probe (Chrono Boost)  
  86  9:00  Probe (Chrono Boost)  
  86  9:01  Probe (Chrono Boost)  
  89  9:06  Forge  
  89  9:09  Pylon  
  89  9:12  Probe (Chrono Boost)  
  89  9:13  Probe (Chrono Boost)  
  91  9:18  Probe (Chrono Boost)  
  91  9:22  Probe (Chrono Boost)  
  91  9:23  High Templar x2  
  98  9:24  Zealot  
  98  9:26  Probe (Chrono Boost)  
  100  9:31  Nexus  
  100  9:33  Zealot x2  
  100  9:34  Zealot  
  100  9:35  Pylon  
  100  9:38  Sentry x2  
  110  9:44  Robotics Facility  
  110  9:55  Adept x2  
  110  9:56  Adept  
  110  9:57  Adept  
  110  9:58  Adept  
  110  9:59  Adept  
  122  10:07  Photon Cannon  
  122  10:20  Adept x5  
  132  10:24  Zealot x2  
  132  10:27  Zealot  
  138  10:42  Dark Templar x2  
  128  11:02  Nexus  
Show
View Real Time Build Order
Export as new Build Order

Siegemake Terran 

Build Orders: MMM Bio 

Get SALT Encoding   

  12  0:00  SCV  
  13  0:13  SCV  
  14  0:17  Supply Depot  
  14  0:25  SCV  
  15  0:39  SCV  
  15  0:41  Barracks  
  16  0:51  SCV  
  17  1:03  SCV  
  18  1:08  Supply Depot  
  18  1:15  SCV  
  19  1:28  Marine  
  19  1:30  Orbital Command  
  20  1:50  Command Center  
  20  1:55  SCV  
  20  1:59  Marine  
  22  2:06  Refinery, Barracks  
  22  2:08  SCV  
  23  2:17  Marine  
  23  2:21  SCV  
  25  2:24  Refinery  
  25  2:34  SCV  
  25  2:35  Bunker  
  26  2:38  Marine  
  26  2:39  Barracks  
  26  2:42  Supply Depot  
  27  2:56  SCV  
  27  2:57  Barracks Tech Lab  
  28  3:01  Barracks Tech Lab  
  27  3:06  Barracks  
  27  3:08  SCV  
  28  3:16  Orbital Command  
  28  3:20  SCV  
  29  3:27  Marauder  
  29  3:34  Marauder  
  33  3:36  SCV  
  33  3:39  Barracks Reactor  
  34  3:53  Marauder  
  37  3:57  Concussive Shells  
  37  4:00  Barracks Tech Lab  
  37  4:01  Stimpack  
  36  4:09  Marauder  
  38  4:10  SCV x2  
  38  4:16  Marauder  
  42  4:18  Marine  
  42  4:20  Marine  
  42  4:22  SCV  
  42  4:23  SCV  
  46  4:24  Marine  
  47  4:36  Supply Depot  
  47  4:37  Combat Shields  
  47  4:41  Factory, Marine x3  
  47  4:45  Marauder  
  52  4:47  SCV  
  52  4:48  SCV  
  54  4:53  Supply Depot  
  54  4:57  Engineering Bay  
  54  4:59  SCV, Marine  
  56  5:00  SCV  
  56  5:03  Marauder  
  56  5:05  Marauder  
  56  5:06  Marine  
  62  5:14  Marine  
  62  5:15  SCV x2  
  62  5:16  Supply Depot  
  62  5:17  Marine  
  66  5:22  Refinery  
  66  5:24  Refinery, Marine  
  67  5:29  Engineering Bay, Marine  
  67  5:33  Missile Turret  
  64  5:42  Missile Turret x2  
  60  5:44  Missile Turret  
  58  5:52  Marine  
  58  5:55  SCV x2  
  58  5:56  Marine x2  
  62  6:03  Marine  
  63  6:07  SCV  
  63  6:09  Terran Infantry Weapons Level 1  
  64  6:17  Missile Turret  
  64  6:24  Missile Turret  
  64  6:25  Terran Infantry Armor Level 1  
  64  6:36  Marine x2  
  64  6:37  Marauder  
  68  6:40  SCV  
  69  6:47  SCV  
  69  6:51  Marine  
  69  6:52  Marauder  
  73  6:58  Starport  
  73  7:00  SCV  
  74  7:02  SCV  
  75  7:08  Missile Turret  
  75  7:12  SCV  
  78  7:15  Marauder  
  78  7:20  Supply Depot  
  78  7:29  Marine  
  78  7:36  Starport Reactor  
  78  7:41  Marine  
  78  7:42  SCV x2, Marauder x2  
  85  7:55  Supply Depot  
  85  7:56  Supply Depot  
  85  7:59  Supply Depot  
  85  8:00  Armory  
  71  8:14  Marine x3  
  71  8:15  Marauder x2  
  73  8:32  Medivac x2, Marine x2  
  73  8:33  Marauder  
  73  8:34  SCV  
  66  8:38  SCV  
  66  8:39  Marine  
  68  8:42  Marine  
  68  8:46  SCV  
  70  8:50  Marine x2  
  70  8:54  Marauder  
  74  8:57  Marine  
  75  9:06  Command Center  
  75  9:08  Marine  
  76  9:12  Marine  
  76  9:14  Marauder  
  76  9:15  SCV  
  76  9:17  SCV  
  81  9:25  Medivac x2  
  81  9:30  Marine, Marauder  
  81  9:31  Marine  
  88  9:36  Marauder  
  91  9:49  Marine  
  91  9:52  Marine  
  93  9:53  Marine  
  93  9:55  Marine  
  93  9:57  Marine  
  96  10:06  SCV x2  
  98  10:07  Marine  
  98  10:12  Marauder  
  101  10:15  Marine x2  
  101  10:16  Marine  
  104  10:26  Marine  
  105  10:29  Missile Turret  
  105  10:33  Marauder  
  105  10:35  Marauder, Marine x2  
Tags
 
Add a new tag
Caveats
  • Supply blocks, unpowered buildings, or Contaminate may cause inaccurate times.
  • Supply counts are checked every 10 seconds.